 Dungeon Crawl Stone Soup version 0.29-a0-565-g7a16c6de65 (webtiles) character file.

Game seed: 14388597912231426680

364 KristoblXynda the Skirmisher (level 6, -6/56 HPs)
             Began as a Draconian Monk on June 12, 2022.
             Mangled by Prince Ribbit (13 damage)
             ... on level 6 of the Dungeon.
             The game lasted 00:03:33 (3257 turns).

KristoblXynda the Skirmisher (Draconian Monk)       Turns: 3257, Time: 00:03:33

Health: -6/56      AC:  6    Str: 15    XL:     6   Next: 39%
Magic:  6/6        EV: 13    Int: 10    God:
Gold:   224        SH:  0    Dex: 14    Spells: 5/5 levels left

rFire   . . .      SeeInvis .     - Unarmed
rCold   . . .      Faith    .   (no shield)
rNeg    . . .      Spirit   .   (body armour unavailable)
rPois   .          Reflect  .   (helmet restricted)
rElec   .          Harm     .   (no cloak)
rCorr   .          Rampage  .   (no gloves)
Will    .....                   (no boots)
Stlth   ++........              (no amulet)
HPRegen 0.18/turn               (no ring)
MPRegen 0.10/turn               (no ring)

@: no status effects
A: AC +6, unfitting armour, cold-blooded
a: no special abilities


You were on level 6 of the Dungeon.
You visited 1 branch of the dungeon, and saw 4 of its levels.

You collected 224 gold pieces.

Inventory:

Scrolls
 a - a scroll of fear {unknown}
 b - a scroll of noise {unknown}
 e - 4 scrolls of teleportation
 f - a scroll of poison {unknown}
 g - a scroll of acquirement {unknown}
 i - a scroll of magic mapping {unknown}


   Skills:
 + Level 5.3 Fighting
 + Level 4.4 Dodging
 - Level 1.7 Stealth
 + Level 4.8 Unarmed Combat


You had 5 spell levels left.
You didn't know any spells.
Your spell library contained the following spells:

 Spells                   Type           Power      Damage    Failure   Level
 Tukima's Dance           Hex            0%         N/A       75%         3
 Leda's Liquefaction      Hex/Erth       0%         N/A       98%         4
 Passage of Golubria      Tloc           0%         N/A       98%         4
 Lee's Rapid Deconstruct  Erth           0%         3d5*      100%        5
 Yara's Violent Unravell  Hex/Tmut       0%         3d3       100%        5
 Statue Form              Tmut/Erth      0%         N/A       100%        6


Dungeon Overview and Level Annotations

Branches:
Dungeon (3/15)

Altars:
Ashenzari

Annotations:
D:6 Prince Ribbit


Innate Abilities, Weirdness & Mutations

Your plain brown scales are hard. (AC +6)
You cannot fit into any form of body armour.
You are cold-blooded and may be slowed by cold attacks.


Message History

You hit Prince Ribbit.
Prince Ribbit is almost dead.
Prince Ribbit hits you!
* * * LOW HITPOINT WARNING * * *
Prince Ribbit hits you but does no damage.
You feel much better. Prince Ribbit closely misses you.
You miss Prince Ribbit.
Prince Ribbit is almost dead.
Prince Ribbit hits you!
You miss Prince Ribbit. You tail-slap Prince Ribbit.
Prince Ribbit is almost dead.
Prince Ribbit blinks!
Prince Ribbit catches a mosquito with his tongue.
Prince Ribbit hits you!
* * * LOW HITPOINT WARNING * * *
You barely miss Prince Ribbit.
Prince Ribbit is almost dead.
Prince Ribbit barely misses you.
Unknown command.
It was a potion of magic.
Magic courses through your body.
Prince Ribbit blinks!
Unknown command.
You start resting.
Prince Ribbit is nearby!
You aren't carrying any items that you can evoke.
Prince Ribbit blinks!
Prince Ribbit blinks!
Prince Ribbit catches a mosquito with his tongue.
Prince Ribbit blinks!
Prince Ribbit hops awkwardly around.
Prince Ribbit blinks!
Prince Ribbit hits you.
* * * LOW HITPOINT WARNING * * *
You hit Prince Ribbit.
Prince Ribbit is severely wounded.
Prince Ribbit barely misses you. Prince Ribbit closely misses you.
You miss Prince Ribbit.
Your tail-slap misses Prince Ribbit.
Prince Ribbit is severely wounded.
Prince Ribbit hits you!
You die...

.#############
#.#.#.######
.............#
#.#.#.#....#
.###########.#
#.#.#.#.##.# ##
#.###........#.#
#.......#.#F.#.#
################.#..#)#
.....................>#
######..##########..###
.#######..# #/@.......#
..........# #F#######.#
#g######.## #.# #.# #.#
#.# #)# #.# #.#######.#
#.# #...^.....# #.#
########### ... .#


You could see Prince Ribbit.

Vanquished Creatures
  Edmund (D:6)
  A scorpion (D:6)
  A jelly (D:3)
  Terence (D:3)
  2 orc wizards (D:6)
  2 adders
  2 ufetubi (D:6)
  A worm (D:2)
  2 dart slugs (D:2)
  4 orcs (D:6)
  7 endoplasms
  2 giant cockroaches (D:1)
  5 goblins (D:1)
  A hobgoblin (D:1)
  2 jackals (D:1)
  3 kobolds
  4 quokkas (D:2)
  7 ball pythons
  8 bats
  A frilled lizard (D:1)
  3 rats
60 creatures vanquished.

Vanquished Creatures (others)
  A plant (D:1)
1 creature vanquished.

Grand Total: 61 creatures vanquished

Notes
Turn   | Place    | Note
-------+----------+-------------------------------------------
     0 | D:1      | KristoblXynda the Draconian Monk began the quest for the
                  | Orb.
     0 | D:1      | Reached XP level 1. HP: 19/19 MP: 1/1
   144 | D:1      | Found a faded altar of an unknown god.
   147 | D:1      | Reached XP level 2. HP: 18/26 MP: 2/2
   889 | D:2      | Reached XP level 3. HP: 33/33 MP: 3/3
  1483 | D:2      | Reached skill level 4 in Fighting
  1934 | D:3      | Reached XP level 4. HP: 38/40 MP: 4/4
  2226 | D:3      | Found a broken altar of Ashenzari.
  2258 | D:3      | Noticed Terence
  2291 | D:3      | Killed Terence
  2408 | D:3      | You fall into a shaft and drop 3 floors!
  2453 | D:6      | Reached XP level 5. HP: 47/47 MP: 5/5
  2718 | D:6      | Noticed Edmund
  2745 | D:6      | Killed Edmund
  2746 | D:6      | Reached skill level 5 in Fighting
  2746 | D:6      | Reached XP level 6. HP: 18/56 MP: 6/6
  3190 | D:6      | Noticed Prince Ribbit
  3257 | D:6      | Mangled by Prince Ribbit

Illustrated notes

Levels and vault maps discovered:
D:1:      dpeg_arrival_rhombus, layout_rooms,
          shapermc_ecumenical_altar_acropolis
D:2:      layout_basic, grunt_ministairs_15, minmay_domino_2
D:3:      layout_loops_ring, ashenzari_conservatory_becter,
          ebering_ghost_sewer_d, uniq_terence, uniq_grinder
D:6:      layout_basic, uniq_edmund, uniq_prince_ribbit1

Skill      XL: |  1  2  3  4  5 |
---------------+----------------+-----
Dodging        | 3 4 |  4.4
Fighting       | 4 5 |  5.3
Unarmed Combat | 4 |  4.8
Stealth        | |  1.7

Action                   |  1- 3 |  4- 6 || total
-------------------------+-------+-------++-------
Melee: Unarmed           |   146 |   136 ||   282
       Tailslap          |    14 |    14 ||    28
       Punch             |     5 |     5 ||    10
  Use: Potion            |       |     7 ||     7
       Scroll            |       |     3 ||     3
 Stab: Sleeping          |     4 |       ||     4
Armor: Skin              |    38 |    36 ||    74
Dodge: Dodged            |    78 |    65 ||   143

Table legend: (Time is in decaauts)
 A = Elapsed time spent in this place.
 B = Non-inter-level travel time spent in this place.
 C = Inter-level travel time spent in this place.
 D = Time resting spent in this place.
 E = Time spent auto-exploring this place.
 F = Levels seen in this place.
 G = Mean time per level.
                   A        B        C        D        E       F      G
               +--------+--------+--------+--------+--------+-----+--------+
         Total |   3246 |   3226 |     20 |   1209 |   1379 |   4 |  811.5 |
       Dungeon |   3246 |   3226 |     20 |   1209 |   1379 |   4 |  811.5 |
               +--------+--------+--------+--------+--------+-----+--------+

Top non-repeatable levels by time:
     D:2: 987 daAuts
     D:1: 853 daAuts
     D:6: 841 daAuts
     D:3: 564 daAuts
